 Dungeon Crawl Stone Soup version 0.29-a0-824-gd827844252 (webtiles) character file.

Game seed: 5523541891896384389

3 coolguy69 the Cutter (level 1, 0/11 HPs)
             Began as a Vine Stalker Berserker on July 10, 2022.
             Was a Follower of Trog.
             Slain by a hobgoblin (2 damage)
             ... on level 1 of the Dungeon.
             The game lasted 00:00:06 (29 turns).

coolguy69 the Cutter (Vine Stalker Berserker)         Turns: 29, Time: 00:00:06

Health: 0/11       AC:  2    Str: 19    XL:     1   Next: 50%
Magic:  0/2        EV: 12    Int:  7    God:    Trog [*.....]
Gold:   0          SH:  0    Dex: 13    Spells: 0/0 levels left

rFire   . . .      SeeInvis .   a - +0 short sword
rCold   . . .      Faith    .   (no shield)
rNeg    . . .      Spirit   +   b - +0 animal skin
rPois   .          Reflect  .   (no helmet)
rElec   .          Harm     .   (no cloak)
rCorr   .          Rampage  .   (no gloves)
Will    .....                   (no boots)
Stlth   +.........              (no amulet)
HPRegen 0.03/turn               (no ring)
MPRegen 0.08/turn               (no ring)

@: no status effects
A: fangs 2, magic shield, antimagic bite, no potion heal 2
a: Renounce Religion, Berserk


You were on level 1 of the Dungeon.
You worshipped Trog.
Trog was aware of your devotion.
You visited 1 branch of the dungeon, and saw 1 of its levels.

Inventory:

Hand Weapons
 a - a +0 short sword (weapon)
Armour
 b - a +0 animal skin (worn)


   Skills:
 + Level 2.7 Fighting
 + Level 2.8 Short Blades
 + Level 1.6 Armour
 + Level 1.6 Dodging


You couldn't memorise any spells.
You didn't know any spells.
Your spell library was empty.

Dungeon Overview and Level Annotations

Branches:
Dungeon (1/15)

Altars:


Innate Abilities, Weirdness & Mutations

You have extremely sharp teeth.
When hurt, damage is shared between your health and your magic reserves.
Your bite disrupts and absorbs the magic of your enemies.
Potions cannot restore your health.


Message History

You hit the endoplasm.
You kill the endoplasm!
Trog accepts your kill.
A hobgoblin comes into view.
The hobgoblin shouts!
You hit the frilled lizard.
You kill the frilled lizard!
Trog accepts your kill.
An endoplasm comes into view.
A hobgoblin comes into view.
The hobgoblin shouts!
The hobgoblin moves out of view.
The hobgoblin closely misses you.
A bat comes into view.
You barely miss the hobgoblin.
The endoplasm quivers.
Your bite misses the hobgoblin. The hobgoblin barely misses you.
You hit the hobgoblin.
The hobgoblin is severely wounded.
The hobgoblin barely misses you.
You hit the hobgoblin.
The hobgoblin is almost dead.
The hobgoblin hits you.
You hit the hobgoblin.
You kill the hobgoblin!
Trog accepts your kill. The bat hits you.
You are too injured to fight recklessly!
You are too injured to fight recklessly!
You are too injured to fight recklessly!
You completely miss the bat. Your bite misses the bat.
The bat barely misses you. The bat hits you but does no damage.
The bat hits you. The hobgoblin hits you.
* * * LOW HITPOINT WARNING * * *
Unknown command.
You hit the bat.
You kill the bat!
Trog accepts your kill. The hobgoblin hits you.
You die...

###..............#
#....#P#P#P#P#P###
#....###########
#..?....#
###...### #...##
##...## #
##.....####...#
#..(....@gJ.....
#.#.....###.....
#.##...## ...
..####.# # .
.####.## ##..#
##.## #. ##.## ..


You could see an endoplasm and a hobgoblin.

Vanquished Creatures
  A bat (D:1)
  An endoplasm (D:1)
  A hobgoblin (D:1)
  A frilled lizard (D:1)
4 creatures vanquished.

Notes
Turn   | Place    | Note
-------+----------+-------------------------------------------
     0 | D:1      | coolguy69 the Vine Stalker Berserker began the quest for
                  | the Orb.
     0 | D:1      | Reached XP level 1. HP: 11/11 MP: 2/2
    29 | D:1      | Slain by a hobgoblin

Illustrated notes

Levels and vault maps discovered:
D:1:      minmay_arrival_plants_in_alcoves, layout_loops_ring,
          reono_crystal_passage

Action                   || total
-------------------------++-------
Melee: Short sword       ||     9
Armor: Animal skin       ||     1
Dodge: Dodged            ||     5

Table legend: (Time is in decaauts)
 A = Elapsed time spent in this place.
 B = Non-inter-level travel time spent in this place.
 C = Inter-level travel time spent in this place.
 D = Time resting spent in this place.
 E = Time spent auto-exploring this place.
 F = Levels seen in this place.
 G = Mean time per level.
                   A        B        C        D        E       F      G
               +--------+--------+--------+--------+--------+-----+--------+
         Total |     28 |     28 |      0 |      0 |     11 |   1 |   28.0 |
       Dungeon |     28 |     28 |      0 |      0 |     11 |   1 |   28.0 |
               +--------+--------+--------+--------+--------+-----+--------+

Top non-repeatable levels by time:
     D:1: 28 daAuts
